 Dungeon Crawl Stone Soup version 0.20.0-10-g0535bb4 (webtiles) character file.

4179 Hasart the Destroyer (level 10, -3/94 HPs)
             Began as a Demonspawn Wizard on June 5, 2017.
             Was an Elder of Sif Muna.
             Slain by a wolf (8 damage)
             ... on level 9 of the Dungeon.
             The game lasted 00:42:34 (13191 turns).

Hasart the Destroyer (Demonspawn Wizard)           Turns: 13191, Time: 00:42:35

Health: -3/94      AC:  3    Str: 10 (11) XL:     10   Next: 8%
Magic:  2/20       EV: 12    Int: 24 (25) God:    Sif Muna [****..]
Gold:   504        SH:  4    Dex: 10 (11) Spells: 15/23 levels left

rFire    . . .     SeeInvis .   D - staff of energy
rCold    . . .     Gourm    +   (no shield)
rNeg     + . .     Faith    .   a - +0 robe
rPois    .         Spirit   .   b - +1 hat
rElec    .         Reflect  .   (no cloak)
rCorr    .         Harm     .   (no gloves)
MR       .....                  (no boots)
Stlth    ..........             z - amulet of the gourmand
Regen    0.3/turn               e - ring of positive energy
MPRegen  0.2/turn               B - -2 ring of strength (curse)

@: berserking, very slightly contaminated, very quick
A: antennae 2, large bone plates 1, clever 1, deterioration 1, powered by death
1
a: Divine Energy, Channel Magic, Forget Spell, Renounce Religion


You were on level 9 of the Dungeon.
You worshipped Sif Muna.
Sif Muna was greatly pleased with you.
You were not hungry.

You visited 2 branches of the dungeon, and saw 10 of its levels.

You collected 504 gold pieces.

Inventory:

Hand Weapons
 i - a +0 dagger
 l - a +0 mace of protection
Armour
 a - a +0 robe (worn)
 b - a +1 hat (worn)
Magical Staves
 D - an uncursed staff of energy (weapon)
Jewellery
 e - a ring of positive energy (left hand)
 n - an uncursed ring of positive energy
 y - an uncursed ring of flight
 z - an amulet of the gourmand (around neck)
 B - a cursed -2 ring of strength (right hand)
Wands
 k - a wand of flame (17/48)
 A - a wand of acid (11/15)
Scrolls
 g - a scroll of teleportation
 m - a scroll of fog
 s - 3 scrolls of identify
 v - a scroll of fear
 x - 5 scrolls of amnesia
 E - a scroll of recharging {unknown}
Potions
 h - 3 potions of cancellation
 j - 3 potions of curing
 q - a potion of brilliance
 u - a potion of might {unknown}
 C - a potion of mutation
Books
 c - a book of Minor Magic

   Spells                             Type                      Level
   a - Magic Dart                     Conjuration                  1
   b - Blink                          Translocation                2
   c - Call Imp                       Summoning                    2
   d - Slow                           Hexes                        2
   e - Conjure Flame                  Conjuration/Fire             3
   f - Mephitic Cloud                 Conjuration/Poison/Air       3
 f - a book of Party Tricks

   Spells                             Type                      Level
   a - Summon Butterflies             Summoning                    1
   b - Apportation                    Translocation                1
   c - Lesser Beckoning               Translocation                3
   d - Tukima's Dance                 Hexes                        3
   e - Alistair's Intoxication        Transmutation/Poison         5
   f - Invisibility                   Hexes                        6
 o - a book of Changes

   Spells                             Type                      Level
   a - Beastly Appendage              Transmutation                1
   b - Sticks to Snakes               Transmutation                2
   c - Spider Form                    Transmutation/Poison         3
   d - Ice Form                       Ice/Transmutation            4
   e - Blade Hands                    Transmutation                5
 t - a book of Misfortune

   Spells                             Type                      Level
   a - Confusing Touch                Hexes                        1
   b - Confuse                        Hexes                        3
   c - Gell's Gravitas                Translocation                3
   d - Petrify                        Transmutation/Earth          4
   e - Metabolic Englaciation         Hexes/Ice                    5
   f - Yara's Violent Unravelling     Hexes/Transmutation          5
Comestibles
 d - 4 bread rations
 p - 3 royal jellies


   Skills:
 - Level 1.7 Dodging
 - Level 1.7 Stealth
 + Level 7.2 Spellcasting
 * Level 10.0 Conjurations
 - Level 3.3 Summonings
 - Level 0.8 Translocations
 + Level 5.2 Air Magic
 - Level 4.0 Poison Magic


You had 15 spell levels left.
You knew the following spells:

 Your Spells              Type           Power        Failure   Level  Hunger
a - Magic Dart            Conj           ####         1%          1    None
b - Blink                 Tloc           N/A          8%          2    None
c - Call Imp              Summ           ###.....     2%          2    None
d - Mephitic Cloud        Conj/Pois/Air  #####...     1%          3    None


Dungeon Overview and Level Annotations

Branches:
Dungeon (9/15)             Temple (1/1) D:5
   Lair: D:8-11         Orc: D:9-12

Altars:
Ashenzari
Cheibriados
Dithmenos
Elyvilon
Fedhas
Hepliaklqana
Kikubaaqudgha
Makhleb
Nemelex Xobeh
Okawaru
Qazlal
Sif Muna
Trog
Uskayaw
Vehumet
Xom
Zin
The Shining One

Annotations:
D:4 Sayou's ghost, amateur MiAK
D:8 exclusion: ice statue


Innate Abilities, Weirdness & Mutations

You have a pair of antennae on your head.
You are partially covered in large bone plates. (SH +4)
You regenerate a little health from kills.
Your mind is acute. (Int +2)
Your body sometimes deteriorates upon taking damage.


Message History

The deep elf mage blinks!
You block the orc's attack.
You hit the orc but do no damage. The orc barely misses you.
It was a potion of berserk rage.
A red film seems to cover your vision as you go berserk!
You feel yourself moving faster!
You feel mighty! The orc hits you with a club.
* * * LOW HITPOINT WARNING * * *
Unknown command.
You hit the orc but do no damage. The wolf barely misses you.
You closely miss the orc. The wolf bites you.
* * * LOW HITPOINT WARNING * * *
The orc barely misses you.
You hit the orc.
The orc is almost dead.
The wolf closely misses you. The orc completely misses you.
You hit the orc!
You kill the orc!
Sif Muna accepts your kill. The wolf bites you!
You die...

##...## ##.....##
##################.......##
#.......##...{OO..........##
#.#####.##.#######....[..#.#
####.#####.##.# ##.....###.
###)<.E.....{...# ##...## ##
...)..(...E..#############O##
#
###.#ยง######heth@)..........#
#.#.# ############.##.#.#
#.#h# # #.#.. #.#h## #.
###.#O.## .......[# ##..##.##
#..##.### #.......####


You could see an earth elemental, a deep elf mage, a crocodile, a wolf and a
howler monkey.

Vanquished Creatures
  The ghost of maniacrov the Magician, a novice DEFE (D:5)
  The ghost of Setanta the Ducker, an amateur OpFE (D:3)
  Sigmund (D:6)
  A sky beast (D:6)
  3 black bears
  2 centaurs (D:7)
  6 ogres
  2 big kobolds (D:7)
  3 bullfrogs
  2 scorpions
  8 killer bees
  2 crimson imps
  A bullfrog zombie (D:6)
  2 howler monkeys
  3 hounds
  5 orc priests
  2 bullfrog skeletons
  8 orc wizards
  2 iguanas
  7 worker ants
  3 killer bee zombies
  2 hound skeletons
  4 gnolls
  14 adders
  A shadow imp (D:6)
  4 oozes
  4 adder skeletons
  A worm (D:3)
  7 leopard geckos
  20 orcs
  5 ball pythons
  4 bats
  7 giant cockroaches
  4 goblins
  8 hobgoblins
  24 jackals
  13 kobolds
  3 quokkas
  A frilled lizard (D:3)
  A leopard gecko zombie (D:7)
  3 rats (D:3)
195 creatures vanquished.

Vanquished Creatures (collateral kills)
  An ugly thing (D:8)
  Joseph (D:8)
  Prince Ribbit (D:8)
  A centaur (D:8)
  2 killer bees (D:8)
  A crimson imp (D:8)
  An orc wizard (D:8)
  A worker ant (D:8)
  A gnoll (D:3)
  A shadow imp (D:7)
  A leopard gecko (D:3)
  2 orcs (D:8)
  2 jackals (D:1)
16 creatures vanquished.

Vanquished Creatures (others)
  6 fungi (D:9)
  15 plants (D:9)
21 creatures vanquished.

Grand Total: 232 creatures vanquished

Notes
Turn   | Place    | Note
-------+----------+-------------------------------------------
     0 | D:1      | Hasart the Demonspawn Wizard began the quest for the Orb.
     0 | D:1      | Reached XP level 1. HP: 13/13 MP: 4/4
   283 | D:1      | Reached skill level 2 in Conjurations
   283 | D:1      | Gained mutation: You are partially covered in large bone plates. (SH +4) [demonic ancestry]
   283 | D:1      | Reached XP level 2. HP: 13/19 MP: 0/6
   842 | D:1      | Learned a level 2 spell: Blink
   845 | D:1      | Learned a level 2 spell: Call Imp
   906 | D:1      | Reached XP level 3. HP: 8/24 MP: 4/7
   927 | D:1      | HP: 1/24 [jackal (2)]
  2057 | D:2      | Reached skill level 3 in Conjurations
  2272 | D:2      | Reached XP level 4. HP: 30/30 MP: 6/9
  2575 | D:3      | Noticed Setanta's ghost (amateur OpFE)
  2595 | D:3      | Killed Setanta's ghost
  2595 | D:3      | Reached skill level 4 in Conjurations
  2595 | D:3      | Gained mutation: You have a pair of small antennae on your head. [demonic ancestry]
  2595 | D:3      | Reached XP level 5. HP: 27/35 MP: 0/10
  3028 | D:3      | Reached XP level 6. HP: 32/41 MP: 0/12
  3454 | D:3      | Learned a level 3 spell: Mephitic Cloud
  3857 | D:4      | Found a glowing golden altar of the Shining One.
  3974 | D:4      | Noticed Sayou's ghost (amateur MiAK)
  4287 | D:4      | Reached skill level 5 in Conjurations
  4613 | D:4      | Noticed an ice beast
  4953 | D:4      | Reached skill level 1 in Air Magic
  4953 | D:4      | Reached skill level 1 in Poison Magic
  4953 | D:4      | Reached XP level 7. HP: 46/46 MP: 4/13
  5344 | D:5      | Entered Level 5 of the Dungeon
  5488 | D:5      | Noticed maniacrov's ghost (novice DEFE)
  5688 | D:5      | Found a staircase to the Ecumenical Temple.
  5694 | Temple   | Entered the Ecumenical Temple
  5766 | Temple   | Became a worshipper of Sif Muna the Loreminder
  5945 | D:5      | Killed maniacrov's ghost
  5987 | D:5      | Reached skill level 6 in Conjurations
  6176 | D:5      | Found a shadowy altar of Dithmenos.
  6176 | D:5      | Found a bloodstained altar of Trog.
  6435 | D:5      | Found a sparkling altar of Nemelex Xobeh.
  6483 | D:5      | Found a blossoming altar of Fedhas.
  6484 | D:5      | Found an ancient bone altar of Kikubaaqudgha.
  6675 | D:6      | Noticed Sigmund
  6690 | D:6      | Killed Sigmund
  6690 | D:6      | Reached * piety under Sif Muna
  6690 | D:6      | Reached skill level 5 in Spellcasting
  6690 | D:6      | Gained mutation: You have a pair of antennae on your head. [demonic ancestry]
  6690 | D:6      | Reached XP level 8. HP: 52/52 MP: 1/15
  7272 | D:6      | Found a deep blue altar of Sif Muna.
  7288 | D:6      | Reached skill level 7 in Conjurations
  7523 | D:6      | Found a snail-covered altar of Cheibriados.
  7958 | D:6      | Gained mutation: Your body sometimes deteriorates upon taking damage. [potion of mutation]
  7958 | D:6      | Gained mutation: Your mind is acute. (Int +2) [potion of mutation]
  8063 | D:7      | Reached ** piety under Sif Muna
  9189 | D:7      | Reached skill level 8 in Conjurations
  9209 | D:7      | Gained mutation: You regenerate a little health from kills. [demonic ancestry]
  9209 | D:7      | Reached XP level 9. HP: 34/57 MP: 1/17
  9484 | D:7      | Found a white marble altar of Elyvilon.
 10471 | D:8      | Reached *** piety under Sif Muna
 10626 | D:8      | Noticed Joseph
 11284 | D:8      | Noticed Prince Ribbit
 11290 | D:8      | Reached skill level 9 in Conjurations
 11314 | D:8      | Killed Prince Ribbit
 11467 | D:8      | Noticed an ice statue
 11959 | D:8      | Found a glowing silver altar of Zin.
 11960 | D:8      | Killed Joseph
 12165 | D:9      | Noticed a cyan ugly thing
 12353 | D:8      | Killed a cyan ugly thing
 12573 | D:9      | Reached skill level 5 in Air Magic
 12573 | D:9      | Reached XP level 10. HP: 58/63 MP: 3/20
 12705 | D:9      | Reached **** piety under Sif Muna
 13150 | D:9      | Reached skill level 10 in Conjurations
 13175 | D:9      | Noticed a deep elf mage
 13178 | D:9      | HP: 2/63 [crocodile (2)]
 13189 | D:9      | HP: 4/94 [wolf (6)]
 13191 | D:9      | Slain by a wolf

Skill      XL: |  1  2  3  4  5  6  7  8  9 10 |
---------------+-------------------------------+-----
Conjurations   | 2 3 4 5 6 8 9 10 | 10.0
Summonings     | 2 3 |  3.3
Spellcasting   | 4 5 7 |  7.2
Air Magic      | 1 2 3 5 |  5.2
Poison Magic   | 1 2 3 4 |  4.0
Dodging        | |  1.7
Stealth        | |  1.7
Translocations | |  0.8

Action                   |  1- 3 |  4- 6 |  7- 9 | 10-12 || total
-------------------------+-------+-------+-------+-------++-------
Melee: Dagger            |    52 |       |       |       ||    52
       Mace              |    12 |    21 |    40 |       ||    73
       Staff             |       |       |       |     9 ||     9
 Cast: Magic Dart        |    76 |   148 |   471 |    60 ||   755
       Call Imp          |     1 |     7 |    32 |     2 ||    42
       Mephitic Cloud    |       |     3 |    30 |     9 ||    42
       Blink             |       |       |     2 |     3 ||     5
  Use: Scroll            |       |       |     9 |       ||     9
       Potion            |       |       |     7 |     3 ||    10
 Stab: Confused          |       |       |     2 |       ||     2
  Eat: Chunk             |     4 |     9 |    10 |       ||    23
       Meat ration       |       |       |     3 |       ||     3
       Fruit             |       |       |     1 |       ||     1
Armor: Robe              |    20 |    17 |    23 |     8 ||    68
Dodge: Dodged            |    51 |    42 |   144 |    18 ||   255
Block: Other             |    13 |     8 |    37 |     5 ||    63
